cohdb
Replays
Latest Replays
All Replays
Popular Replays
Top Player Replays
Match Explorer
How It Works
Community
CoH3 Stats
Reddit
Sign in to upload your games and track your stats! →
Sign in with Steam
Match 45095165
Unlisted
Match 45095165
Overview
Messages
Build Orders
End
Construct Barracks
Riflemen Squad
1⁄4-ton 4x4 Truck
Engineer Squad
Riflemen Squad
Construct Weapon Support Center
M1919 Machine Gun Team
Infantry Support Center
M3 Armored Personnel Carrier
Selects Heavy Weapons
Selects Assault Carriers
Selects Exchangeable Parts
Construct Motor Pool
M24 Chaffee Light Tank
Grenade Package
Advanced Logistics
Selects M2HB .50cal Heavy Machine Gun
Munitions Surplus
M1 Mortar Team
M1918 Browning Automatic Rifles
Survival Training
Forward Retreat Point
实力不足只能当老六了
Achilles Gaming @ YouTube
NOT_Seraph
Q
JZuna
Stupai
0
0
Comments
sign in to comment!
No comments posted yet!